Map: Para Site LE

Players

Mesrob - Winner!

  • Race: Terran Terran
  • League: Gold
  • Spawn Location: 5:00

JAMES

  • Race: Terran Terran
  • League: Silver
  • Spawn Location: 11:00

VOD

Have the link to the VOD?

Description

Time

  • Played on: Jan. 11, 2019, 9:40 a.m.
  • Length: 14:40
Show
View Real Time Build Order
Export as new Build Order

Mesrob Terran - Winner!

Build Orders: Mech 

Get SALT Encoding   

  12  0:00  SCV  
  13  0:12  SCV  
  14  0:17  Supply Depot  
  14  0:25  SCV  
  15  0:38  SCV  
  15  0:41  Barracks  
  16  0:50  Refinery, SCV  
  17  1:03  SCV  
  18  1:15  SCV  
  19  1:29  Marine, Orbital Command  
  20  1:39  Command Center  
  20  1:54  Bunker  
  20  1:55  Barracks Tech Lab  
  20  2:05  SCV  
  21  2:15  Factory  
  20  2:32  Supply Depot  
  20  2:34  SCV  
  21  2:44  Refinery  
  21  2:46  SCV  
  21  2:47  Marine  
  23  3:05  Siege Tank  
  26  3:07  Engineering Bay  
  26  3:08  Orbital Command  
  26  3:10  SCV  
  27  3:22  Supply Depot  
  27  3:23  SCV  
  28  3:32  Marine  
  29  3:35  Refinery  
  29  3:37  Siege Tank, SCV  
  33  3:50  SCV  
  33  3:54  Supply Depot, SCV  
  33  3:55  Supply Depot  
  35  4:02  SCV  
  36  4:06  SCV  
  36  4:09  Siege Tank  
  40  4:14  SCV  
  41  4:19  SCV  
  41  4:21  Armory  
  42  4:26  SCV  
  42  4:31  Factory  
  43  4:37  SCV  
  43  4:38  SCV  
  45  4:49  SCV  
  45  4:50  SCV  
  47  5:02  SCV  
  48  5:07  Factory  
  48  5:08  Armory  
  48  5:09  Terran Vehicle Weapons Level 1  
  48  5:13  SCV  
  49  5:18  Command Center  
  38  6:22  Factory Reactor  
  38  6:29  Siege Tank  
  41  6:46  SCV x2  
  43  6:58  SCV x2  
  45  7:10  SCV  
  45  7:11  SCV  
  47  7:22  SCV  
  48  7:25  Thor  
  48  7:26  Hellbat  
  48  7:27  Hellion  
  48  7:28  Factory Reactor  
  58  7:48  Hellbat x2  
  58  7:49  Terran Vehicle Weapons Level 2  
  62  7:52  SCV  
  62  7:53  SCV  
  64  8:00  Planetary Fortress  
  64  8:01  Supply Depot  
  64  8:05  SCV x2  
  66  8:08  Thor  
  72  8:17  SCV x2  
  74  8:29  SCV x2  
  74  8:34  Hellion  
  73  8:45  Hellbat x2  
  77  8:51  Thor  
  80  9:21  SCV  
  80  9:22  SCV  
  82  9:27  SCV  
  82  9:31  Hellbat x2  
  87  9:32  Hellbat  
  87  9:33  Hellbat, SCV  
  87  9:34  SCV  
  87  9:37  Supply Depot  
  93  9:41  Supply Depot  
  93  9:43  Terran Vehicle And Ship Armor Level 1  
  93  9:50  Refinery  
  93  9:56  Command Center  
  93  9:59  Hellbat x3, SCV x2  
  101  10:01  Supply Depot  
  101  10:02  Thor  
  101  10:03  SCV  
  101  10:04  Supply Depot  
  108  10:11  SCV  
  109  10:21  Missile Turret  
  109  10:22  Hellion, Missile Turret, SCV x2  
  109  10:23  Supply Depot, SCV  
  109  10:25  Missile Turret  
  114  10:28  Missile Turret  
  114  10:29  Missile Turret  
  114  10:31  Missile Turret  
  114  10:32  Missile Turret  
  114  10:34  SCV x2  
  112  10:45  Missile Turret x2, Thor  
  112  10:46  Missile Turret  
  82  12:30  SCV  
  82  12:31  SCV x2  
  85  12:39  Hellion  
  85  12:41  Starport x2  
  85  12:42  Starport, SCV  
  85  12:43  Hellbat x2, SCV x2  
  92  12:45  Hellbat x2  
  92  12:49  Thor  
  102  12:54  SCV  
  102  12:55  SCV x2  
  105  13:05  Hellbat x2  
  109  13:06  Hellbat x2, SCV  
  102  13:31  Thor  
  104  13:40  Command Center  
  92  14:05  SCV x3  
  89  14:17  SCV x3  
Show
View Real Time Build Order
Export as new Build Order

JAMES Terran 

Build Orders:  

Get SALT Encoding   

  12  0:02  SCV  
  13  0:26  Supply Depot  
  13  0:28  SCV  
  14  0:39  Supply Depot  
  14  0:40  SCV  
  15  0:49  Barracks  
  15  0:53  SCV  
  16  1:02  Barracks  
  16  1:06  SCV  
  17  1:18  Engineering Bay  
  17  1:20  SCV  
  18  1:33  Refinery  
  18  1:39  SCV  
  19  1:42  Supply Depot  
  19  1:43  Marine  
  20  1:54  Supply Depot  
  20  1:58  SCV  
  20  2:01  Marine  
  22  2:03  Marine  
  23  2:10  SCV  
  24  2:39  Refinery, Orbital Command  
  24  2:40  Marine  
  26  2:50  Barracks Reactor  
  25  3:06  Supply Depot  
  25  3:09  Supply Depot  
  25  3:14  Reaper  
  25  3:19  Command Center  
  26  3:26  Terran Infantry Weapons Level 1  
  26  3:31  Marine x2  
  28  3:45  Sensor Tower  
  28  3:46  Marine  
  29  3:52  Missile Turret  
  29  3:54  Reaper  
  30  3:59  Reaper  
  31  4:04  Marine  
  32  4:21  Factory  
  32  4:24  SCV  
  33  4:36  Barracks Tech Lab, SCV  
  33  4:37  Marine x2, Missile Turret  
  36  4:47  SCV  
  36  4:48  SCV  
  38  4:59  SCV  
  39  5:00  SCV  
  40  5:11  SCV  
  40  5:12  Missile Turret  
  41  5:23  SCV  
  42  5:35  SCV  
  43  5:47  SCV  
  44  5:53  Marauder  
  44  5:54  Marine x2  
  46  6:14  Marauder  
  48  6:19  Factory Tech Lab  
  48  6:26  SCV  
  48  6:27  Starport  
  48  6:29  Starport  
  48  6:33  Marine x2  
  48  6:35  SCV  
  48  6:36  Marauder  
  48  6:38  SCV  
  54  6:40  Refinery  
  54  6:42  Refinery, Cyclone  
  57  6:48  SCV  
  57  6:50  Marine, SCV  
  60  6:56  Armory  
  60  6:59  Armory  
  60  7:00  SCV  
  61  7:02  SCV  
  61  7:07  Starport Reactor  
  61  7:08  Starport Tech Lab  
  62  7:12  SCV  
  62  7:15  Cyclone  
  66  7:17  Supply Depot  
  66  7:18  Supply Depot  
  66  7:24  SCV  
  67  7:36  Marine  
  67  7:37  Marine  
  67  7:38  Medivac  
  67  7:42  Supply Depot  
  67  7:43  Medivac  
  73  7:47  Siege Tank  
  76  7:55  Terran Vehicle And Ship Armor Level 1  
  76  8:13  Banshee  
  63  8:56  Banshee  
  58  9:16  Planetary Fortress  
  58  9:24  Cloaking Field  
  58  9:25  Viking  
  58  9:26  Viking  
  62  9:38  Banshee  
  62  9:43  Barracks Reactor  
  65  9:51  Barracks Reactor  
  65  9:54  Siege Tank  
  65  9:55  Viking  
  65  9:56  Viking  
  72  10:16  Fusion Core  
  72  10:21  Banshee  
  72  10:26  Siege Tank  
  54  11:04  Raven  
  44  11:43  Viking x2  
  44  11:45  Terran Ship Weapons Level 1, Terran Vehicle And Ship Armor Level 2  
  45  12:02  Siege Tank  
  48  12:13  Viking  
  48  12:24  Marine x4  
  52  12:42  Marine x2  
  54  12:52  Banshee  
  57  13:35  Banshee  
Tags
 
Composition
Mech
Matchup
TvT
Race
Terran
Replay Pack
sc2 replays
Spawn Locations
Cross Positions
Add a new tag
Caveats
  • Supply blocks, unpowered buildings, or Contaminate may cause inaccurate times.
  • Supply counts are checked every 10 seconds.